 Dungeon Crawl Stone Soup version 0.20.2-3-g29329e0561 (webtiles) character file.

2065 Alfie the Cutter (level 9, -7/75 HPs)
             Began as a Hill Orc Fighter on Dec 5, 2022.
             Mangled by a hornet (12 damage)
             ... while paralysed by a hornet
             ... on level 7 of the Dungeon on Dec 9, 2022.
             The game lasted 00:21:49 (5151 turns).

Alfie the Cutter (Hill Orc Fighter)                 Turns: 5151, Time: 00:21:50

Health: -7/75      AC: 12    Str: 22    XL:     9   Next: 26%
Magic:  9/9        EV:  2    Int: 10    God:
Gold:   289        SH:  0    Dex: 10    Spells: 8/8 levels left

rFire    . . .     SeeInvis .   a - +0 rapier
rCold    . . .     Gourm    .   c - +1 shield
rNeg     . . .     Faith    .   b - +1 scale mail
rPois    +         Spirit   .   (no helmet)
rElec    .         Reflect  .   p - +1 cloak {MR+}
rCorr    .         Harm     .   d - +0 pair of gloves
MR       +....                  (no boots)
Stlth    ..........             l - amulet of regeneration
Regen    0.7/turn               m - +3 ring of evasion
MPRegen  0.2/turn               (no ring)

@: paralysed, lethally poisoned (-7 -> -10)
A: claws 1, blurry vision 1, clever 1, poison resistance, evolution 1
a: no special abilities


You were on level 7 of the Dungeon.
You were not hungry.

You visited 1 branch of the dungeon, and saw 7 of its levels.

You collected 289 gold pieces.

Inventory:

Hand Weapons
 a - a +0 rapier (weapon)
Armour
 b - a +1 scale mail (worn)
 c - a +1 shield (worn)
 d - a +0 pair of gloves (worn)
 p - a +1 cloak of magic resistance (worn)
Jewellery
 g - an uncursed ring of ice
 l - an amulet of regeneration (around neck)
 m - a +3 ring of evasion (left hand)
 s - an uncursed ring of flight
 x - an uncursed amulet of harm {unknown}
 y - an uncursed ring of see invisible {unknown}
 A - an uncursed ring of protection from magic {unknown}
Wands
 k - a wand of acid (7/15)
 v - a wand of polymorph (10/24)
 w - a wand of flame (18/48)
Scrolls
 e - 3 scrolls of remove curse
 h - a scroll of amnesia {unknown}
 j - a scroll of magic mapping
 q - a scroll of fog
 C - a scroll of teleportation
Potions
 n - a potion of lignification {unknown}
 o - a potion of cancellation {unknown}
 r - a potion of berserk rage {unknown}
 t - a potion of invisibility {unknown}
 u - a potion of brilliance {unknown}
 z - 2 potions of might
 B - a potion of flight {unknown}
Comestibles
 f - 7 bread rations
 i - 3 meat rations
 D - a royal jelly


   Skills:
 + Level 6.0 Fighting
 + Level 7.4 Short Blades
 + Level 6.5 Armour
 + Level 2.7 Dodging
 + Level 7.1 Shields


You had 8 spell levels left.
You didn't know any spells.

Dungeon Overview and Level Annotations

Branches:
Dungeon (7/15)             Temple (0/1) D:4

Altars:
Cheibriados
Ru
Sif Muna
Trog
Vehumet
Xom
Zin
The Shining One

Annotations:
D:3 1 runed door


Innate Abilities, Weirdness & Mutations

You have sharp fingernails.
Scrolls take you a little longer to read.
Your mind is acute. (Int +2)
Your system is resistant to poisons. (rPois)
You evolve.


Message History

The hornet is lightly wounded.
You feel sick.
The hornet stings you but does no damage.
You miss the hornet.
The hornet is lightly wounded.
You feel sick. The hornet stings you.
* * * LOW HITPOINT WARNING * * *
You feel yourself slow down.
You miss the hornet.
The hornet is lightly wounded.
You feel sick. The hornet barely misses you. The hornet stings you.
* * * LOW HITPOINT WARNING * * *
You closely miss the hornet.
The hornet is lightly wounded.
You feel yourself speed up.
You feel sick. The hornet stings you!
* * * LOW HITPOINT WARNING * * *
You suddenly lose the ability to move!
The hornet completely misses you.
You feel sick. The hornet stings you!
You die...

.# #. ##.. $=...
#.... #.#.#
#y#.## #@#..##
#.#... #.#.#
#...# #.####...#
#.)......#
$........# #.
######......$.?.
..#
....#..######
#.#


You could see a hornet.

Vanquished Creatures
  Grinder (D:4)
  Eustachio (D:5)
  Edmund (D:5)
  Menkaure (D:5)
  Duvessa (D:4)
  An ice beast (D:6)
  Blork the orc (D:5)
  2 bullfrogs
  Dowan (D:4)
  4 crimson imps
  A centaur zombie (D:6)
  A bullfrog zombie (D:5)
  A hound (D:4)
  4 orc priests
  Crazy Yiuf (D:4)
  A gnoll shaman (D:5)
  3 orc wizards
  3 centaur skeletons
  An iguana (D:4)
  8 worker ants
  A hound skeleton (D:6)
  A howler monkey zombie (D:5)
  5 gnolls (D:5)
  8 adders
  4 worms
  2 dart slugs (D:2)
  3 leopard geckos
  9 orcs
  6 giant cockroaches
  6 goblins
  A hobgoblin (D:2)
  11 jackals
  7 kobolds
  A quokka (D:3)
  A ball python (D:4)
  7 bats
  8 frilled lizards
  A jackal skeleton (D:4)
  10 rats
130 creatures vanquished.

Vanquished Creatures (others)
  2 frilled lizards (D:4)
2 creatures vanquished.

Grand Total: 132 creatures vanquished

Notes
Turn   | Place    | Note
-------+----------+-------------------------------------------
     0 | D:1      | Alfie the Hill Orc Fighter began the quest for the Orb.
     0 | D:1      | Reached XP level 1. HP: 19/19 MP: 1/1
   227 | D:1      | Reached XP level 2. HP: 25/27 MP: 2/2
   924 | D:2      | Reached XP level 3. HP: 32/33 MP: 3/3
  1174 | D:2      | Reached XP level 4. HP: 16/40 MP: 4/4
  1487 | D:3      | Found a glowing silver altar of Zin.
  1488 | D:3      | Found a runed door.
  1488 | D:3      | Noticed an angel
  1740 | D:3      | Reached XP level 5. HP: 46/46 MP: 5/5
  1999 | D:3      | Found a radiant altar of Vehumet.
  2197 | D:4      | Reached XP level 6. HP: 53/53 MP: 6/6
  2222 | D:4      | Found a staircase to the Ecumenical Temple.
  2306 | D:4      | Found a sacrificial altar of Ru.
  2411 | D:4      | Found a shimmering altar of Xom.
  2439 | D:4      | Reached skill level 5 in Fighting
  2450 | D:4      | Reached skill level 1 in Dodging
  2455 | D:4      | Reached XP level 7. HP: 33/61 MP: 7/7
  2482 | D:4      | Noticed Duvessa
  2482 | D:4      | Noticed Dowan
  2506 | D:4      | Killed Duvessa
  2506 | D:4      | Reached skill level 5 in Short Blades
  2514 | D:4      | Killed Dowan
  2514 | D:4      | Reached skill level 5 in Shields
  2563 | D:4      | Reached skill level 5 in Armour
  2653 | D:4      | Found a runed door.
  3076 | D:4      | Noticed Crazy Yiuf
  3085 | D:4      | Killed Crazy Yiuf
  3132 | D:5      | Entered Level 5 of the Dungeon
  3132 | D:5      | Noticed Grinder
  3132 | D:5      | Noticed Menkaure
  3231 | D:4      | Killed Grinder
  3231 | D:4      | Reached XP level 8. HP: 28/68 MP: 8/8
  3245 | D:5      | Killed Menkaure
  3316 | D:5      | Found a snail-covered altar of Cheibriados.
  3346 | D:5      | Found a deep blue altar of Sif Muna.
  3398 | D:5      | Noticed Eustachio
  3500 | D:5      | Noticed Edmund
  3527 | D:5      | Killed Edmund
  3777 | D:5      | Gained mutation: You have sharp fingernails. [potion of mutation]
  3777 | D:5      | Gained mutation: Scrolls take you a little longer to read. [potion of mutation]
  3777 | D:5      | Gained mutation: You evolve. [potion of mutation]
  3777 | D:5      | Gained mutation: Your system is resistant to poisons. (rPois) [potion of mutation]
  3847 | D:5      | Killed Eustachio
  3939 | D:5      | Noticed Blork the orc
  3958 | D:5      | Killed Blork the orc
  3968 | D:5      | Reached XP level 9. HP: 61/75 MP: 9/9
  3978 | D:5      | Gained mutation: Your mind is acute. (Int +2) [evolution]
  4082 | D:5      | Found a bloodstained altar of Trog.
  4691 | D:6      | Found a glowing golden altar of the Shining One.
  5130 | D:7      | Noticed a hornet
  5140 | D:7      | Paralysed by a hornet for 3 turns
  5150 | D:7      | Paralysed by a hornet for 3 turns
  5151 | D:7      | Mangled by a hornet

Skill      XL: |  1  2  3  4  5  6  7  8  9 |
---------------+----------------------------+-----
Fighting       | 4 5 6 |  6.0
Shields        | 4 5 6 7 |  7.1
Short Blades   | 3 4 6 7 |  7.4
Armour         | 4 5 6 |  6.5
Dodging        | 1 2 |  2.7

Action                   |  1- 3 |  4- 6 |  7- 9 || total
-------------------------+-------+-------+-------++-------
Melee: Rapier            |   122 |   207 |   606 ||   935
  Use: Scroll            |     4 |     4 |     6 ||    14
       Potion            |       |     6 |     2 ||     8
  Eat: Bread ration      |     1 |       |     1 ||     2
       Royal jelly       |       |     1 |     1 ||     2
       Meat ration       |       |       |     1 ||     1
Armor: Scale mail        |    68 |    82 |   227 ||   377
Dodge: Dodged            |    50 |    76 |   222 ||   348
Block: Shield            |    59 |   101 |   337 ||   497
